 Dungeon Crawl Stone Soup version 0.19.5 (webtiles) character file.

230 Peloso the Covered (level 5, -5/47 HPs)
             Began as a Minotaur Fighter on Mar 12, 2017.
             Slain by an ogre
             ... wielding a +0 giant club
              (24 damage)
             ... on level 4 of the Dungeon.
             The game lasted 00:07:00 (2494 turns).

Peloso the Covered (Minotaur Fighter)               Turns: 2494, Time: 00:07:00

Health: -5/47      AC:  9    Str: 26    XL:     5   Next: 72%
Magic:  4/4        EV:  6    Int:  5    God:
Gold:   163        SH: 10    Dex: 10    Spells: 0 memorised, 4 levels left

rFire  . . .     SeeInvis .     a - +0 long sword
rCold  . . .     Gourm    .     j - +0 chain mail
rNeg   . . .     Faith    .     c - +0 shield
rPois  .         Spirit   .     (helmet restricted)
rElec  .         Reflect  .     (no cloak)
rCorr  .         Harm     .     (no gloves)
MR     +....                    (no boots)
Stlth  ..........               (no amulet)
                                s - ring of protection from magic
                                n - ring of flight

@: mighty
A: retaliatory headbutt, horns 2
a: Evoke Flight


You were on level 4 of the Dungeon.
You were not hungry.

You visited 1 branch of the dungeon, and saw 4 of its levels.

You collected 163 gold pieces.

Inventory:

Hand Weapons
 a - a +0 long sword (weapon)
 o - a +2 dagger of draining
Armour
 b - a +0 scale mail
 c - a +0 shield (worn)
 j - a +0 chain mail (worn)
Jewellery
 n - a ring of flight (left hand)
 s - a ring of protection from magic (right hand)
Scrolls
 e - 2 scrolls of enchant armour {unknown}
 g - 3 scrolls of random uselessness {unknown}
 i - 2 scrolls of remove curse {unknown}
 k - 4 scrolls of identify {unknown}
 m - a scroll of amnesia {unknown}
 q - 2 scrolls of enchant weapon {unknown}
 r - a scroll of teleportation {unknown}
 v - a scroll of blinking {unknown}
 x - a scroll of fear {unknown}
Potions
 h - a potion of degeneration {unknown}
 l - a potion of lignification {unknown}
 p - a potion of haste {unknown}
 t - a potion of curing {unknown}
 w - a potion of flight {unknown}
 z - a potion of resistance {unknown}
 B - 2 potions of heal wounds {unknown}
Books
 y - a book of Changes

   Spells                             Type                      Level
   a - Beastly Appendage              Transmutation                1
   b - Sticks to Snakes               Transmutation                2
   c - Spider Form                    Transmutation/Poison         3
   d - Ice Form                       Ice/Transmutation            4
   e - Blade Hands                    Transmutation                5
Comestibles
 f - 3 bread rations
 u - 3 fruits
 A - 3 chunks of flesh


   Skills:
 + Level 4.4 Fighting
 + Level 4.8 Long Blades
 + Level 4.9 Armour
 + Level 0.2 Dodging
 + Level 4.9 Shields


You had 4 spell levels left.
You didn't know any spells.

Dungeon Overview and Level Annotations

Branches:
Dungeon (4/15)
 Temple: D:4-7

Altars:


Innate Abilities, Weirdness & Mutations

You reflexively headbutt those who attack you in melee.
You have a pair of horns on your head.


Message History

The adder bites you but does no damage.
The quokka bites you but does no damage.
You closely miss the quokka. Your headbutt misses the quokka.
The quokka is heavily wounded.
The adder bites you but does no damage.
The quokka bites you but does no damage.
The adder barely misses you. The quokka barely misses you.
You furiously retaliate!
You headbutt the quokka.
You kill the quokka!
You feel very mighty all of a sudden. The adder barely misses you.
You furiously retaliate!
You headbutt the adder!
You kill the adder!
You barely miss the ogre. You headbutt the ogre.
The ogre is lightly wounded.
The ogre hits you with a giant club!!
You closely miss the ogre.
The ogre is lightly wounded.
The ogre hits you with a giant club!!
Ouch! That really hurt!
You die...

.## #.##. .###....
..###... ..! ....
##.#.##.#.###....
##.....##.##......
.................. ####
###....#......### .....
#..†.#......#
......####....##.#.###
......†@O......#.#.#####
......####.(...#.#.#...#
..$.. ....#.#.#.#..(#
###. .###.#.#.#.#...# #
.. #.#.#.#...... ..
#.#.#.###...# ...
.#.#.......# ###
#.........# #.........#


You could see an ogre.

Vanquished Creatures
  A hound (D:4)
  A worker ant (D:4)
  4 gnolls (D:3)
  5 adders
  2 oozes
  3 dart slugs
  2 leopard geckos
  2 orcs (D:3)
  5 bats
  6 giant cockroaches
  9 goblins
  10 hobgoblins
  4 jackals (D:2)
  2 quokkas (D:4)
  3 ball pythons
  A frilled lizard (D:3)
  A jackal skeleton (D:4)
  9 kobolds
  6 rats
76 creatures vanquished.

Notes
Turn   | Place    | Note
-------+----------+-------------------------------------------
     0 | D:1      | Peloso the Minotaur Fighter began the quest for the Orb.
     0 | D:1      | Reached XP level 1. HP: 19/19 MP: 0/0
    95 | D:1      | Reached XP level 2. HP: 27/27 MP: 1/1
   594 | D:1      | Reached XP level 3. HP: 33/33 MP: 2/2
  1515 | D:2      | Reached XP level 4. HP: 36/40 MP: 3/3
  1933 | D:3      | Reached XP level 5. HP: 31/46 MP: 4/4
  2473 | D:4      | Noticed an ogre
  2494 | D:4      | Slain by an ogre

Skill      XL: |  1  2  3  4 |
---------------+-------------+-----
Armour         | 4 |  4.9
Shields        | 4 |  4.9
Long Blades    | 3 4 |  4.8
Fighting       | 4 |  4.4
Dodging        | |  0.2

Action                   |  1- 3 |  4- 6 || total
-------------------------+-------+-------++-------
Melee: Long sword        |    88 |   120 ||   208
       Headbutt          |    10 |    23 ||    33
  Use: Potion            |       |     1 ||     1
  Eat: Chunk             |     2 |     3 ||     5
Armor: Scale mail        |     5 |       ||     5
       Chain mail        |    57 |    76 ||   133
Dodge: Dodged            |    21 |    27 ||    48
Block: Shield            |    54 |    74 ||   128
       Rpst.: Long sword |     6 |     7 ||    13
